 Dungeon Crawl Stone Soup version 0.28.0 (webtiles) character file.

Game seed: 1656433653607753369

575655 SnakkuSnakku7 the Warrior (level 25, 0/206 (212) HPs)
             Began as a Vampire Fire Elementalist on Feb 15, 2022.
             Was the Champion of Makhleb.
             Slain by a golden dragon (12 damage)
             ... on level 2 of the Realm of Zot.
             The game lasted 02:51:22 (56046 turns).

SnakkuSnakku7 the Warrior (VpFE)                   Turns: 56046, Time: 02:51:25

HP:   0/206 (212)   AC: 57    Str: 20    XL:     25   Next: 77%
MP:   35/35         EV: 13    Int: 20    God:    Makhleb [******]
Gold: 5552          SH: 17    Dex: 22    Spells: 28/28 levels left

rFire   + . .      SeeInvis +   a - +9 eveningstar (flame)
rCold   + + +      Faith    .   f - +2 kite shield {AC+3}
rNeg    . . .      Spirit   .   N - +13 crystal plate armour
rPois   .          Reflect  .   s - +2 helmet
rElec   .          Harm     .   p - scarf {rC+ rF+}
rCorr   .          Rampage  .   m - +1 pair of gloves of the Blacksmith {Fly Str+3}
Will    ++...                   E - +2 pair of boots {Fly}
Stlth   ..........              y - amulet "Jyahaeb" {rC+ Regen+}
HPRegen 1.44/turn               c - ring "Pajon" {rC+ EV+4 Dex+6}
MPRegen 0.24/turn               Q - +4 ring of protection

@: about to teleport, flying, healing quickly, hasted, studying 2 skills,
lightly drained, very quick
A: alive, fangs 3, see invisible, vampiric 2, hooves 2, deterioration 1, strong
1
}: 3/15 runes: decaying, silver, gossamer
a: Exsanguinate, Renounce Religion, Minor Destruction, Lesser Servant of
Makhleb, Major Destruction, Greater Servant of Makhleb


You were on level 2 of the Realm of Zot.
You worshipped Makhleb.
Makhleb was exalted by your worship.
You visited 10 branches of the dungeon, and saw 48 of its levels.
You visited the Abyss 2 times.
You also visited: Sewer, Bailey, Gauntlet, Ice Cave and Wizlab.

You collected 7729 gold pieces.
You spent 2177 gold pieces at shops.

Inventory:

Hand Weapons
 a - a +9 eveningstar of flaming (weapon)
 b - the +6 eveningstar of Ywuthar {flame, Will++}
   (You acquired it on level 2 of the Lair of Beasts)

   It burns those it strikes, dealing additional fire damage.
   Will:      It greatly increases your willpower.
Missiles
 x - 4 curare-tipped darts
 B - 7 throwing nets
Armour
 f - a +2 kite shield of protection (worn)
 m - the +1 pair of gloves of the Blacksmith (worn) {Fly Str+3}
   (You acquired it on level 3 of the Spider Nest)

   Str:       It affects your strength (+3).
   Fly:       It grants you flight.
 p - a scarf of resistance (worn)
 s - a +2 helmet (worn)
 E - a +2 pair of boots of flying (worn)
 N - a +13 crystal plate armour (worn)
 W - a +2 cloak of poison resistance
Jewellery
 c - the ring "Pajon" (left hand) {rC+ EV+4 Dex+6}
   (You found it on level 5 of the Lair of Beasts)

   [ring of evasion]

   EV:        It affects your evasion (+4).
   Dex:       It affects your dexterity (+6).
   rC:        It protects you from cold.
 e - a ring of poison resistance
 u - a ring of resist corrosion
 y - the amulet "Jyahaeb" (around neck) {rC+ Regen+}
   (You took it off a deep elf demonologist on level 3 of the Elven Halls)

   [amulet of regeneration]

   rC:        It protects you from cold.
   Regen:     It increases your rate of health regeneration.
 Q - a +4 ring of protection (right hand)
Wands
 g - a wand of mindburst (4)
 r - a wand of paralysis (24)
 J - a wand of iceblast (11)
 K - a wand of polymorph (9)
 M - a wand of flame (98)
 O - a wand of charming (20)
 Z - a wand of acid (5)
Scrolls
 h - 3 scrolls of silence
 l - 2 scrolls of summoning
 n - 6 scrolls of teleportation
 G - 5 scrolls of fog
 I - 12 scrolls of immolation
 L - 9 scrolls of vulnerability
 T - 2 scrolls of magic mapping
 X - 2 scrolls of fear
Potions
 d - 8 potions of curing
 i - 2 potions of ambrosia
 j - 3 potions of brilliance
 o - 6 potions of invisibility
 q - 2 potions of cancellation
 t - a potion of might
 v - a potion of heal wounds
 A - 6 potions of magic
 C - 6 potions of attraction
 F - a potion of resistance
 H - 7 potions of mutation
 S - 10 potions of haste
 V - 5 potions of flight
Miscellaneous
 k - a lightning rod (inert)
 z - a condenser vane (inert)
 D - a box of beasts
 P - a tin of tremorstones (2/2)
 R - a phantom mirror
 U - a phial of floods


   Skills:
 - Level 20.7 Fighting
 - Level 16.0 Maces & Flails
 - Level 20.3 Armour
 - Level 10.0 Dodging
 - Level 3.0 Stealth
 - Level 15.0 Shields
 - Level 2.7 Unarmed Combat
 - Level 2.0 Spellcasting
 - Level 0.6 Conjurations
 - Level 2.4 Fire Magic
 + Level 16.5 Invocations
 - Level 15.0 Evocations


You had 28 spell levels left.
You didn't know any spells.
Your spell library contained the following spells:

 Spells                   Type           Power      Damage    Failure   Level
 Foxfire                  Conj/Fire      32%        2x1d5     98%         1
 Magic Dart               Conj           16%        1d3       99%         1
 Scorch                   Fire           22%        2d6       99%         2
 Animate Skeleton         Necr           4%         N/A       100%        1
 Apportation              Tloc           4%         N/A       100%        1
 Freeze                   Ice            8%         1d3       100%        1
 Pain                     Necr           8%         1d4       100%        1
 Sandblast                Erth           4%         2d4       100%        1
 Shock                    Conj/Air       12%        1d3       100%        1
 Slow                     Hex            8%         N/A       100%        1
 Sting                    Tmut/Pois      8%         1d3       100%        1
 Summon Small Mammal      Summ           8%         N/A       100%        1
 Blink                    Tloc           4%         N/A       100%        2
 Call Imp                 Summ           2%         N/A       100%        2
 Corpse Rot               Necr/Air       4%         N/A       100%        2
 Passwall                 Tmut/Erth      1%         N/A       100%        2
 Poisonous Vapours        Pois/Air       4%         N/A       100%        2
 Static Discharge         Conj/Air       3%         N/A       100%        2
 Wereblood                Tmut           2%         N/A       100%        2
 Call Canine Familiar     Summ           2%         N/A       100%        3
 Confusing Touch          Hex            2%         N/A       100%        3
 Conjure Flame            Conj/Fire      8%         6-21      100%        3
 Dazzling Flash           Conj/Hex       6%         N/A       100%        3
 Frozen Ramparts          Ice            4%         1d2       100%        3
 Ignite Poison            Fire/Tmut/Pois 5%         N/A       100%        3
 Inner Flame              Hex/Fire       6%         N/A       100%        3
 Lesser Beckoning         Tloc           2%         N/A       100%        3
 Mephitic Cloud           Conj/Pois/Air  2%         N/A       100%        3
 Ozocubu's Armour         Ice            2%         N/A       100%        3
 Portal Projectile        Hex/Tloc       4%         N/A       100%        3
 Spider Form              Tmut/Pois      2%         N/A       100%        3
 Stone Arrow              Conj/Erth      6%         3d7       100%        3
 Swiftness                Air            2%         N/A       100%        3
 Tukima's Dance           Hex            2%         N/A       100%        3
 Vampiric Draining        Necr           2%         2d6       100%        3
 Airstrike                Air            1%         N/A       100%        4
 Anguish                  Hex/Necr       1%         N/A       100%        4
 Animate Armour           Summ/Erth      4%         N/A       100%        4
 Animate Dead             Necr           1%         N/A       100%        4
 Dispel Undead            Necr           2%         3d7       100%        4
 Flame Wave               Conj/Fire      8%         2d5       100%        4
 Fulminant Prism          Conj/Hex       1%         3d6       100%        4
 Hailstorm                Conj/Ice       3%         3d3       100%        4
 Ice Form                 Ice/Tmut       2%         N/A       100%        4
 Iskenderun's Mystic Bla  Conj/Tloc      3%         2d3       100%        4
 Leda's Liquefaction      Hex/Erth       1%         N/A       100%        4
 Olgreb's Toxic Radiance  Pois           2%         N/A       100%        4
 Sticky Flame             Conj/Fire      8%         2d3       100%        4
 Summon Ice Beast         Ice/Summ       2%         N/A       100%        4
 Summon Lightning Spire   Summ/Air       2%         N/A       100%        4
 Agony                    Necr           2%         N/A       100%        5
 Alistair's Intoxication  Tmut/Pois      1%         N/A       100%        5
 Blade Hands              Tmut           1%         N/A       100%        5
 Borgnjor's Vile Clutch   Necr/Erth      1%         N/A       100%        5
 Excruciating Wounds      Necr           1%         N/A       100%        5
 Fireball                 Conj/Fire      4%         3d4       100%        5
 Freezing Cloud           Conj/Ice/Air   1%         6-21      100%        5
 Irradiate                Conj/Tmut      1%         3d14      100%        5
 Iskenderun's Battlesphe  Conj           4%         2d6       100%        5
 Lee's Rapid Deconstruct  Erth           1%         3d5*      100%        5
 Lightning Bolt           Conj/Air       1%         1d12      100%        5
 Manifold Assault         Tloc           2%         N/A       100%        5
 Silence                  Hex/Air        1%         N/A       100%        5
 Summon Mana Viper        Hex/Summ       2%         N/A       100%        5
 Yara's Violent Unravell  Hex/Tmut       1%         3d3       100%        5
 Conjure Ball Lightning   Conj/Air       1%         3x3d6     100%        6
 Death Channel            Necr           1%         N/A       100%        6
 Eringya's Noxious Bog    Tmut/Pois      1%         N/A       100%        6
 Iron Shot                Conj/Erth      1%         9d1       100%        6
 Simulacrum               Ice/Necr       1%         N/A       100%        6
 Starburst                Conj/Fire      4%         6d3       100%        6
 Statue Form              Tmut/Erth      1%         N/A       100%        6
 Dragon Form              Tmut           1%         N/A       100%        7
 Enfeeble                 Hex            1%         N/A       100%        7
 Haunt                    Necr/Summ      1%         N/A       100%        7
 Orb of Destruction       Conj           2%         9d5       100%        7
 Ozocubu's Refrigeration  Ice            1%         4d5       100%        7
 Spellforged Servitor     Conj/Summ      1%         N/A       100%        7
 Storm Form               Tmut/Air       1%         N/A       100%        7
 Infestation              Necr           1%         N/A       100%        8
 Maxwell's Capacitive Co  Air            1%         ∞         100%        8
 Chain Lightning          Conj/Air       1%         3d2       100%        9
 Fire Storm               Conj/Fire      4%         8d1       100%        9
 Shatter                  Erth           1%         3d5*      100%        9


Dungeon Overview and Level Annotations

Branches:
Dungeon (15/15)            Temple (0/1) D:7            Lair (6/6) D:8
  Swamp (4/4) Lair:2       Spider (4/4) Lair:4        Slime (0/5) Lair:6
    Orc (2/2) D:10            Elf (3/3) Orc:2        Vaults (5/5) D:13
  Crypt (3/3) Vaults:3       Tomb (0/3) Crypt:3      Depths (4/4) D:15
    Zot (2/5) Depths:4      Sewer (visited)          Bailey (visited)
  IceCv (visited)          WizLab (visited)         Gauntlet (visited)

Altars:
Cheibriados
Hepliaklqana
Kikubaaqudgha
Makhleb
Nemelex Xobeh
Okawaru
Qazlal
Ru
Sif Muna
Trog
Uskayaw
Vehumet
Yredelemnul
Beogh

Shops:
D:3 !   D:6 ((:(:   D:7 ?   D:8 *   D:11 !   Orc:2 !:?[   Vaults:1 (

Portals:
Hell: Depths:1 Depths:2 Depths:3 Depths:4
Abyss: Depths:3
Pandemonium: Depths:2 Depths:3
Ziggurat: Depths:2
Trove: D:10 (give 6 scrolls of blinking)

Annotations:
Elf:2 3 runed translucent doors, SlowGraham's ghost, veteran FoEE
Depths:2 exclusions: angel, daeva and 2 more exclusions


Innate Abilities, Weirdness & Mutations

Your natural rate of healing is accelerated.
You have razor-sharp teeth.
You have supernaturally acute eyesight. (SInv)
You are afflicted with vampirism and can become a bat while bloodless.
You have hoof-like feet.
Your body sometimes deteriorates upon taking damage.
Your muscles are strong. (Str +2)


Message History

You block the golden dragon's attack. The golden dragon misses you.
The golden dragon tramples you but does no damage.
The yellow draconian annihilator gestures wildly while chanting.
The yellow draconian annihilator blinks!
The moth of wrath closely misses you.
Unknown command.
Unknown command.
You miss the orb of fire. Your bite misses the orb of fire.
The orb of fire is severely damaged.
The golden dragon barely misses you. x3
The white draconian hits you but does no damage.
A purple draconian comes into view. It is wielding a +0 battleaxe.
The moth of wrath goads the white draconian on!
The white draconian goes berserk!
The golden dragon rages.
The white draconian rages.
The golden dragon bites you!!
* * * LOW HITPOINT WARNING * * *
The golden dragon claws you but does no damage.
The golden dragon barely misses you.
The orb of fire glows bright magenta.
The bolt of fire misses you.
You feel yourself speed up. You block the white draconian's attack.
You block the golden dragon's attack.
The golden dragon claws you but does no damage.
The golden dragon tramples you but does no damage.
The orb of fire glows yellow.
The bolt of fire hits you. You resist.
* * * LOW HITPOINT WARNING * * *
You block the white draconian's attack.
The white draconian hits you but does no damage.
You hear a deafening roar!
Unknown command.
The moth of wrath bites you but does no damage.
The golden dragon bites you!
* * * LOW HITPOINT WARNING * * *
You block the golden dragon's attack.
The golden dragon tramples you but does no damage.
The golden dragon bites you but does no damage.
The golden dragon claws you!
You die...

..........#
..........#
..........#
..........#
..........#
.......<..#
.####...d.#
#..y*D#
#$..@.#
#....D#
#....d#
#......
#.......
######...
..q. .....


You could see an orb of fire, 2 golden dragons, a purple draconian, a white
draconian (berserk), a yellow draconian annihilator and a moth of wrath.

Vanquished Creatures
  2 dread liches
  2 ancient liches (Vaults:5)
  Mara (Vaults:5)
  4 juggernauts
  Frederick (Depths:4)
  Margery (Vaults:4)
  3 golden dragons
  Nikola (Elf:2)
  The ghost of Ulub Jau the Slayer, an adept HOMo of Beogh (Vaults:1)
  Arachne (Spider:3)
  A Cloud Mage (WizLab)
  11 tentacled monstrosities
  Mlioglotl (Spider:3)
  A walking earthen tome (Depths:4)
  Jorgrun (Swamp:2)
  5 quicksilver dragons
  6 titans
  A deep elf master archer (Elf:3)
  A deep elf blademaster (Elf:3)
  5 liches
  The ghost of Charmandara the Black Belt, an adept DsMo of Hepliaklqana (Spider:4)
  Asterion (Vaults:2)
  9 ancient champions
  Kirke (Lair:6)
  7 sphinxes
  A thorn hunter (Lair:2)
  3 tentacled starspawn (Abyss:2)
  7 tengu reavers
  3 death cobs (Zot:1)
  Frances (Swamp:2)
  9 revenants
  4 shadow dragons
  Gastronok (D:10)
  Donald (Spider:3)
  9 deep elf sorcerers
  4 emperor scorpions
  7 fire giants
  8 ghost moths
  An orc warlord (D:10)
  A draconian scorcher (Depths:3)
  4 iron dragons
  A balrug (Abyss:2)
  A cacodemon (Vaults:1)
  4 curse skulls
  21 vault wardens
  Aizul (Elf:3)
  8 frost giants
  6 deep elf elementalists (Elf:3)
  A draconian stormcaller (Depths:4)
  The ghost of Datul the Brawler, a journeyman DrMo of Elyvilon (Lair:6)
  23 stone giants
  4 ghouls (D:15)
  6 war gargoyles
  A draconian annihilator (Zot:1)
  2 reapers (Depths:2)
  2 broodmothers
  27 very ugly things
  4 ironbound thunderhulks
  A juggernaut skeleton (Crypt:3)
  17 ironbound preservers
  A black draconian (Depths:4)
  Nessos (D:12)
  10 vampire knights
  3 eleionomae
  6 deep elf demonologists
  10 dire elephants
  2 yellow draconians (Zot:1)
  2 red draconians (Depths:4)
  A white draconian (Zot:1)
  3 purple draconians
  A minotaur (Gauntlet)
  5 entropy weavers
  A bunyip (Swamp:4)
  7 deep elf annihilators (Elf:3)
  3 spark wasps
  6 blizzard demons
  A merfolk javelineer (Depths:4)
  5 eidola
  14 ettins
  8 deep elf death magi
  11 fire dragons
  5 jiangshi (Crypt:1)
  A green death (Abyss:2)
  6 great orbs of eyes
  11 yaktaur captains
  2 shambling mangroves
  6 deep elf high priests
  4 ogre magi
  2 peacekeepers
  37 vault guards
  A hell beast (Depths:1)
  32 hydras
  7 spriggan air magi
  3 rakshasas
  7 boulder beetles
  5 ice dragons
  5 ghost crabs
  8 alligators
  5 ironbound frosthearts
  9 centaur warriors
  Erolcha (Orc:2)
  A catoblepas (Elf:1)
  2 radroaches
  A spriggan skeleton (Depths:2)
  13 two-headed ogres
  3 jorogumos
  A death knight (D:13)
  35 dancing weapons
  6 deep troll shamans
  A hell hog (Depths:1)
  2 thrashing horrors (Abyss:2)
  8 tengu warriors
  A spectral dire elephant (Crypt:3)
  11 deep troll earth magi
  8 spriggan berserkers
  18 deep elf knights
  2 shock serpents (WizLab)
  An orc high priest (Elf:1)
  7 vampire magi
  7 spriggans
  4 death yaks
  2 titan skeletons
  4 soul eaters
  A sun demon (Abyss:2)
  12 hell knights
  2 sun moths
  Nergalle (Orc:2)
  A spectral spark wasp (Spider:4)
  4 wretched stars (Abyss:2)
  2 fire crabs (shapeshifter)
  13 shadow wraiths
  42 skeletal warriors
  48 deep trolls
  A sixfirhy (Depths:3)
  A spectral ghost moth (Spider:4)
  3 death drakes
  A golden dragon zombie (Crypt:3)
  5 flayed ghosts (Crypt:3)
  A glowing orange brain (shapeshifter) (Depths:2)
  4 goliath frogs
  2 pharaoh ants
  3 iron trolls (Depths:3)
  2 steelbarb worms
  6 glowing orange brains
  12 deep elf archers
  2 spriggan druids
  6 orb spiders
  A spectral hydra (Crypt:3)
  A spectral jorogumo (Spider:4)
  17 ironbound convokers
  An obsidian statue (Gauntlet)
  17 swamp dragons
  A shadow demon (Depths:3)
  5 large abominations (Abyss:2)
  A golden dragon skeleton (Depths:2)
  A bog body (Swamp:1)
  13 wizards
  26 wolf spiders
  Pikel (D:9)
  34 deep elf pyromancers
  12 necromancers
  11 lindwurms
  35 phantasmal warriors
  3 orc knights
  A stone giant zombie (Vaults:1)
  9 orc sorcerers
  3 harpies
  42 deep elf zephyrmancers
  2 oklob plants (Lair:6)
  44 ugly things
  A manticore (shapeshifter) (Vaults:5)
  A fire giant zombie (Vaults:3)
  A wolf spider zombie (D:15)
  6 moths of wrath
  A salamander (shapeshifter) (D:15)
  7 will-o-the-wisps
  9 cyclopes
  A shining eye (Abyss:2)
  2 spectral radroaches (Spider:4)
  13 manticores
  3 apocalypse crabs
  18 vault sentinels
  3 spectral centaurs (Crypt:3)
  A stone giant skeleton (Crypt:2)
  3 black mambas
  3 ice statues
  Maurice (D:8)
  An eye of devastation (Abyss:2)
  13 elephants
  2 smoke demons
  An eye of devastation (shapeshifter) (Vaults:5)
  5 torpor snails
  A rust devil (Depths:3)
  An eleionoma skeleton (Crypt:2)
  2 emperor scorpion simulacra (Spider:4)
  An orb spider zombie (Crypt:2)
  An unseen horror (shapeshifter) (Vaults:5)
  A pale draconian zombie (Crypt:1)
  A rime drake (Lair:3)
  11 cane toads
  A hellion (Abyss:2)
  An alligator snapping turtle skeleton (Crypt:2)
  10 demonic crawlers
  2 kobold demonologists (D:14)
  2 minotaur zombies (Gauntlet)
  4 starcursed masses (Abyss:2)
  A tormentor (Abyss:2)
  4 guardian mummies (Crypt:3)
  10 komodo dragons
  A black draconian skeleton (Crypt:3)
  33 yaktaurs
  A yaktaur (shapeshifter) (Elf:2)
  A yaktaur zombie (Vaults:1)
  A redback zombie (D:15)
  A hellwing (Depths:3)
  An ice devil (Depths:3)
  7 freezing wraiths
  3 ancient zymes (Abyss:2)
  3 trolls
  5 tengu conjurers
  A yaktaur skeleton (Vaults:3)
  A merfolk (D:12)
  A ghost moth simulacrum (Spider:4)
  A red devil (Depths:3)
  3 spectral harpies (Crypt:3)
  Grinder (D:4)
  A polar bear (shapeshifter) (D:14)
  4 tyrant leeches
  2 harpy zombies
  2 broodmother simulacra (Spider:4)
  9 hornets
  A harpy skeleton (Crypt:1)
  12 meliai
  A jorogumo simulacrum (Spider:4)
  Prince Ribbit (D:9)
  30 blink frogs
  2 wind drakes (WizLab)
  A polar bear (Lair:2)
  A hornet (shapeshifter) (Vaults:5)
  37 slime creatures
  15 raiju (Abyss:2)
  24 tarantellas
  A meliai zombie (Crypt:2)
  6 dream sheep
  A snapping turtle (shapeshifter) (Vaults:5)
  2 human simulacra (Vaults:3)
  36 jumping spiders
  14 air elementals
  19 culicivoras
  13 flying skulls
  11 shadows
  A centaur simulacrum (D:14)
  3 ynoxinuls
  18 humans
  A human (shapeshifter) (Vaults:5)
  9 water elementals
  16 wraiths
  8 wyverns
  A culicivora (shapeshifter) (D:14)
  5 basilisks
  6 hogs
  55 yaks
  A fire elemental (Elf:1)
  4 steam dragons (Lair:6)
  A wind drake zombie (Crypt:2)
  A basilisk (shapeshifter) (Elf:1)
  61 redbacks
  3 chaos spawn
  2 death yak simulacra
  17 vampire mosquitoes
  2 neqoxecs (Abyss:2)
  A naga (shapeshifter) (Vaults:5)
  8 wargs
  12 swamp worms
  3 acid dragons
  16 water moccasins
  3 hell hounds
  A floating eye (Depths:3)
  2 floating eyes (shapeshifter)
  A merfolk skeleton (Crypt:3)
  7 black bears
  13 swamp drakes
  2 ice beasts
  3 hornet zombies
  An elephant zombie (Crypt:1)
  2 human zombies (Vaults:1)
  25 orc warriors
  A black bear (shapeshifter) (D:13)
  6 boggarts
  A snapping turtle zombie (Crypt:3)
  A swamp dragon zombie (Crypt:2)
  8 wolves
  A hog zombie (Crypt:1)
  2 necrophages (D:6)
  13 ogres
  7 centaurs
  2 lemures (D:9)
  2 kobold brigands
  A rime drake skeleton (Crypt:1)
  9 bullfrogs
  An earth elemental (Elf:3)
  2 cane toad simulacra (Lair:6)
  A palentonga skeleton (Crypt:1)
  7 small abominations (Abyss:2)
  3 scorpions (D:6)
  15 killer bees
  2 elephant simulacra
  6 wights
  2 electric eels (Spider:1)
  A crimson imp (D:15)
  9 centaur zombies
  A hound (D:5)
  2 quasits (Abyss:2)
  12 orc priests
  6 jellies
  An iron imp (Abyss:2)
  3 centaur skeletons
  A black bear skeleton (Crypt:3)
  A scorpion zombie (D:5)
  A human skeleton (Crypt:3)
  6 iguanas
  31 orc wizards
  5 yak simulacra (Lair:4)
  3 polar bear simulacra
  3 wolf simulacra
  2 demigod zombies
  A dwarf skeleton (Crypt:3)
  4 mummies (D:15)
  A howler monkey zombie (D:8)
  8 adders
  4 river rats (D:4)
  A river rat (shapeshifter) (D:13)
  6 white imps
  2 ufetubi (D:6)
  4 worms
  2 dart slugs
  79 orcs
  2 ball pythons
  4 endoplasms
  2 giant cockroaches (D:1)
  4 hobgoblins
  3 jackals (D:1)
  10 kobolds
  A quokka (D:4)
  A ball python zombie (Crypt:1)
  10 bats
  3 frilled lizards
  6 goblins
  A kobold zombie (Crypt:2)
  An orc zombie (Crypt:2)
  7 rats
  2 river rat simulacra (Lair:4)
  A spectral goblin (D:1)
  2 briar patches (Swamp:1)
  A starspawn tentacle (Abyss:2)
2246 creatures vanquished.

Vanquished Creatures (collateral kills)
  Sojobo (Crypt:2)
  Rupert (Lair:3)
  Snorg (Lair:6)
  A yaktaur (Vaults:2)
  A tarantella (Spider:3)
5 creatures vanquished.

Vanquished Creatures (others)
  A spark wasp (WizLab)
  A thrashing horror (Abyss:2)
  3 deep elf knights
  A spectral ghost moth (Spider:4)
  A wizard (Vaults:1)
  A death drake (WizLab)
  A deep elf pyromancer (Elf:2)
  A hornet (Swamp:1)
  2 bloated husks (Swamp:3)
  A spriggan (Swamp:1)
  A hog (Lair:6)
  An orc warrior (Vaults:5)
  A jelly (Lair:6)
  An iguana (Lair:6)
  2 orc wizards (Orc:2)
  An orc (Orc:2)
  4 briar patches
  63 foxfires
  32 fungi
  A lurking horror (Abyss:2)
  56 plants
  12 starspawn tentacles (Abyss:2)
  24 tentacles (Abyss:2)
  A withered plant (D:15)
213 creatures vanquished.

Grand Total: 2464 creatures vanquished

Notes
Turn   | Place    | Note
-------+----------+-------------------------------------------
     0 | D:1      | SnakkuSnakku7 the Vampire Fire Elementalist began the quest
                  | for the Orb.
     0 | D:1      | Reached XP level 1. HP: 13/13 MP: 3/3
    48 | D:1      | Reached skill level 1 in Unarmed Combat
   231 | D:1      | Reached XP level 2. HP: 13/19 MP: 5/5
   297 | D:1      | Found a faded altar of an unknown god.
  1234 | D:2      | Gained mutation: You are afflicted with vampirism and can
                  | become a bat while bloodless. [Vampire growth]
  1234 | D:2      | Reached XP level 3. HP: 25/25 MP: 6/6
  1771 | D:3      | Found Utuj's Distillery.
  1771 | D:3      | You fall into a shaft and drop 3 floors!
  1783 | D:6      | Reached skill level 1 in Fighting
  1851 | D:6      | Found Podoafei's Weapon Shop.
  1862 | D:6      | Noticed a scorpion
  1870 | D:6      | Killed a scorpion
  1871 | D:6      | Reached XP level 4. HP: 31/34 MP: 7/7
  1880 | D:6      | Found Rososun's Book Emporium.
  1900 | D:6      | Found Ibrofan's Weapon Boutique.
  1932 | D:5      | Entered Level 5 of the Dungeon
  1985 | D:4      | Reached XP level 5. HP: 16/41 MP: 8/8
  2277 | D:4      | Found a glowing drain.
  2291 | Sewer    | Entered a sewer
  2326 | Sewer    | Noticed a water moccasin
  2333 | Sewer    | Killed a water moccasin
  2334 | Sewer    | Reached skill level 5 in Fighting
  2334 | Sewer    | Reached skill level 1 in Evocations
  2334 | Sewer    | Reached XP level 6. HP: 51/51 MP: 9/9
  2437 | D:4      | Noticed an acid dragon
  2645 | D:3      | Bought a potion of might for 48 gold pieces
  2645 | D:3      | Bought a potion of curing for 36 gold pieces
  2645 | D:3      | Bought a potion of berserk rage for 60 gold pieces
  2668 | D:3      | Bought a potion of lignification for 36 gold pieces
  2723 | D:3      | Identified the +10 flail of Traps {vorpal, *Noise +Blink
                  | rN++ SInv}
  2833 | D:3      | Noticed an ice beast
  2842 | D:3      | Killed an ice beast
  2843 | D:3      | Reached skill level 1 in Maces & Flails
  3368 | D:4      | Reached XP level 7. HP: 56/56 MP: 3/10
  3560 | D:4      | Noticed Grinder
  3573 | D:4      | Killed Grinder
  3607 | D:4      | Found a sacrificial altar of Ru.
  4123 | D:5      | Reached skill level 5 in Maces & Flails
  4190 | D:5      | Found a snail-covered altar of Cheibriados.
  4254 | D:5      | Reached XP level 8. HP: 62/62 MP: 11/11
  4432 | D:5      | Found a burning altar of Makhleb.
  4493 | D:5      | Became a worshipper of Makhleb the Destroyer
  4863 | D:6      | Found Venagoe's Book Emporium.
  5203 | D:6      | Found Cachakh's Weapon Emporium.
  5245 | D:7      | Reached XP level 9. HP: 50/67 MP: 12/12
  5302 | D:7      | Found Wounacw's Magic Scroll Shoppe.
  5312 | D:7      | Bought a scroll of fog for 26 gold pieces
  5312 | D:7      | Bought a scroll of blinking for 97 gold pieces
  5312 | D:7      | Bought a scroll of fear for 45 gold pieces
  5312 | D:7      | Bought a scroll of identify for 26 gold pieces
  5312 | D:7      | Bought a scroll of fear for 45 gold pieces
  5392 | D:7      | Found a staircase to the Ecumenical Temple.
  5444 | D:7      | Reached * piety under Makhleb
  5692 | D:8      | Noticed a two-headed ogre
  5697 | D:8      | Noticed Maurice
  5766 | D:8      | Reached skill level 10 in Maces & Flails
  5814 | D:8      | Found a staircase to the Lair.
  5879 | D:8      | Found a flagged portal.
  5884 | Bailey   | Entered a bailey
  5932 | Bailey   | Noticed an orc knight
  5938 | Bailey   | Reached ** piety under Makhleb
  5981 | Bailey   | Noticed an orc knight
  6063 | Bailey   | Killed an orc knight
  6064 | Bailey   | Reached XP level 10. HP: 74/74 MP: 13/13
  6125 | Bailey   | Killed an orc knight
  6440 | D:8      | Killed Maurice
  6495 | D:8      | Killed a two-headed ogre
  6526 | D:8      | Found Uvushasm's Assorted Antiques.
  6536 | D:8      | Bought a scroll labelled TUPRUI WOTOL for 20 gold pieces
  6536 | D:8      | Bought a scroll labelled YVEN FOKLIPH for 20 gold pieces
  6536 | D:8      | Bought a wand of iceblast (5) for 80 gold pieces
  6536 | D:8      | Bought a scroll of fear for 70 gold pieces
  6931 | D:9      | Found an iron altar of Okawaru.
  6964 | D:9      | Noticed Pikel
  6981 | D:9      | Killed Pikel
  7433 | D:9      | Noticed Prince Ribbit
  7447 | D:9      | Killed Prince Ribbit
  7542 | D:10     | Entered Level 10 of the Dungeon
  7544 | D:10     | Noticed an ice statue
  7565 | D:10     | Found a sparkling altar of Nemelex Xobeh.
  7572 | D:10     | Found a hide-covered altar of Uskayaw.
  7631 | D:10     | Found a portal to a secret trove of treasure.
  7684 | D:10     | Reached XP level 11. HP: 73/79 MP: 14/14
  7748 | D:10     | Reached *** piety under Makhleb
  7751 | D:10     | Noticed Gastronok
  7812 | D:10     | Killed Gastronok
  7989 | D:10     | Found a staircase to the Orcish Mines.
  8277 | Lair:1   | Entered Level 1 of the Lair of Beasts
  8413 | Lair:1   | Reached skill level 1 in Armour
  8483 | Lair:1   | Noticed a six-headed hydra
  8490 | Lair:1   | Killed a six-headed hydra
  8873 | Lair:1   | Reached skill level 5 in Armour
  9062 | Lair:2   | Noticed an eight-headed hydra
  9066 | Lair:2   | Reached **** piety under Makhleb
  9072 | Lair:2   | Killed an eight-headed hydra
  9120 | Lair:2   | Reached XP level 12. HP: 81/86 MP: 15/15
  9128 | Lair:2   | Found a staircase to the Swamp.
  9411 | Lair:2   | Noticed a death yak
  9433 | Lair:2   | Killed a death yak
 10023 | Lair:3   | Got the Collected Works on Calling
 10058 | Lair:3   | You fall into a shaft and drop 2 floors!
 10058 | Lair:5   | Noticed a five-headed hydra
 10118 | Lair:4   | Noticed a death yak
 10140 | Lair:4   | Killed a death yak
 10149 | Lair:4   | Found a hole to the Spider Nest.
 10217 | Lair:4   | Noticed a death yak
 10220 | Lair:4   | Reached skill level 10 in Armour
 10230 | Lair:4   | Reached skill level 1 in Shields
 10293 | Lair:4   | Noticed a seven-headed hydra
 10305 | Lair:4   | Killed a seven-headed hydra
 10358 | Lair:4   | Noticed a death yak
 10392 | Lair:4   | Killed a death yak
 10402 | Lair:4   | Killed a death yak
 10408 | Lair:4   | Reached ***** piety under Makhleb
 10449 | Lair:4   | Reached skill level 5 in Shields
 10454 | Lair:4   | Found a gate leading to a gauntlet.
 10465 | Gauntlet | Entered a Gauntlet
 10465 | Gauntlet | Found a transporter.
 10465 | Gauntlet | Found a transporter.
 10467 | Gauntlet | Found a transporter.
 10541 | Gauntlet | Found a transporter.
 10543 | Gauntlet | Found a large runed translucent door.
 10544 | Gauntlet | Found a large runed translucent door.
 10545 | Gauntlet | Found a large runed translucent door.
 10545 | Gauntlet | Found a large runed translucent door.
 10545 | Gauntlet | Found a runed translucent door.
 10545 | Gauntlet | Found a runed translucent door.
 10546 | Gauntlet | Found a large runed translucent door.
 10547 | Gauntlet | Found a large runed translucent door.
 10547 | Gauntlet | Found a large runed translucent door.
 10547 | Gauntlet | Found a large runed translucent door.
 10547 | Gauntlet | Found a large runed translucent door.
 10547 | Gauntlet | Found a large runed translucent door.
 10548 | Gauntlet | Found a large runed translucent door.
 10548 | Gauntlet | Found a large runed translucent door.
 10549 | Gauntlet | Found a runed translucent gate.
 10549 | Gauntlet | Found a runed translucent gate.
 10549 | Gauntlet | Found a runed translucent gate.
 10551 | Gauntlet | Found a transporter.
 10554 | Gauntlet | Found a transporter.
 10557 | Gauntlet | Noticed a catoblepas
 10561 | Gauntlet | Found a large runed translucent door.
 10562 | Gauntlet | Found a large runed translucent door.
 10566 | Gauntlet | Noticed a reaper
 10575 | Gauntlet | Found a transporter.
 10586 | Gauntlet | Found a runed translucent door.
 10588 | Gauntlet | Found a transporter.
 10590 | Gauntlet | Found a runed translucent door.
 10602 | Gauntlet | Found a transporter.
 10605 | Gauntlet | Found a transporter.
 10613 | Gauntlet | Found a transporter.
 10616 | Gauntlet | Found a transporter.
 10617 | Gauntlet | Noticed a tengu warrior
 10655 | Gauntlet | Killed a tengu warrior
 10656 | Gauntlet | Reached XP level 13. HP: 88/91 MP: 16/16
 10664 | Gauntlet | Found a large runed translucent door.
 10666 | Gauntlet | Found a large runed translucent door.
 10693 | Gauntlet | Identified the amulet of Zenufuer {Faith -Cast rCorr Str+9
                  | Stlth+}
 10721 | Gauntlet | Identified the +8 short sword "Cyuch" {vorpal, Dex+2
                  | Stlth+}
 10739 | Gauntlet | Noticed a minotaur
 10754 | Gauntlet | Killed a minotaur
 12024 | Lair:3   | Noticed Rupert
 12164 | Lair:3   | Killed Rupert
 12165 | Lair:3   | Reached skill level 10 in Shields
 12600 | Lair:5   | Identified the ring "Pajon" {rC+ EV+4 Dex+6}
 12720 | Lair:5   | Reached ****** piety under Makhleb
 12745 | Lair:5   | Reached skill level 1 in Invocations
 12966 | Lair:6   | Entered Level 6 of the Lair of Beasts
 13003 | Lair:6   | Reached XP level 14. HP: 103/103 MP: 17/17
 13006 | Lair:6   | Noticed Kirke
 13073 | Lair:6   | Found a frozen archway.
 13088 | Lair:6   | Found a staircase to the Slime Pits.
 13142 | IceCv    | Entered an ice cave
 13143 | IceCv    | Found a transporter.
 13175 | IceCv    | Found a transporter.
 13335 | Lair:6   | Reached skill level 5 in Invocations
 13605 | Lair:6   | Killed Kirke
 13739 | Lair:6   | Found a transporter.
 13745 | Lair:6   | Noticed Datul's ghost (journeyman DrMo)
 13811 | Lair:6   | Found a shimmering blue altar of Sif Muna.
 13836 | Lair:6   | Found a transporter.
 13873 | Lair:6   | Noticed Snorg
 13889 | Lair:6   | Killed Snorg
 14618 | D:10     | Identified the amulet of the Traitor {Acrobat Str+6}
 14719 | D:11     | Found Udium's Distillery.
 14731 | D:11     | Bought a potion of haste for 150 gold pieces
 14731 | D:11     | Bought a potion of curing for 45 gold pieces
 14731 | D:11     | Bought a potion of might for 60 gold pieces
 14731 | D:11     | Bought a potion of heal wounds for 75 gold pieces
 15774 | D:12     | Noticed Nessos
 15780 | D:12     | Killed Nessos
 16362 | D:7      | Bought a scroll of acquirement for 676 gold pieces
 16362 | D:7      | Acquired a +1 demon whip of draining
 16468 | Orc:1    | Entered Level 1 of the Orcish Mines
 16669 | Orc:2    | Entered Level 2 of the Orcish Mines
 16674 | Orc:2    | Noticed an orc warlord
 16740 | Orc:1    | Reached skill level 10 in Invocations
 16812 | D:10     | Killed an orc warlord
 16930 | Orc:2    | Found Pigeip's Distillery.
 16970 | Orc:2    | Bought a potion of heal wounds for 80 gold pieces
 16970 | Orc:2    | Bought a potion of berserk rage for 80 gold pieces
 17230 | Orc:2    | Reached skill level 5 in Dodging
 17238 | Orc:2    | Found a radiant altar of Vehumet.
 17239 | Orc:2    | Noticed Erolcha
 17250 | Orc:2    | Killed Erolcha
 17279 | Orc:2    | Found Haoradea's Book Shop.
 17297 | Orc:2    | Noticed Nergalle
 17308 | Orc:2    | Killed Nergalle
 17322 | Orc:2    | Found an ancient bone altar of Kikubaaqudgha.
 17364 | Orc:2    | Found Nommaugez's Antique Weapon Shop.
 17392 | Orc:2    | Found Icim's Magic Scroll Shop.
 17476 | Orc:2    | Reached XP level 15. HP: 64/102 MP: 22/22
 17512 | Orc:2    | Found a staircase to the Elven Halls.
 17652 | Orc:2    | Found Usaohesi's Antique Armour Boutique.
 17654 | Orc:2    | Bought a scroll of teleportation for 36 gold pieces
 17654 | Orc:2    | Bought a scroll of teleportation for 36 gold pieces
 17654 | Orc:2    | Bought a scroll of enchant armour for 90 gold pieces
 18085 | D:13     | Found a hazy altar of Hepliaklqana.
 18479 | D:13     | Found a gate to the Vaults.
 19168 | D:14     | Identified the +0 cloak "Icze" {Str+4}
 19188 | D:13     | Reached skill level 10 in Dodging
 19936 | D:15     | Entered Level 15 of the Dungeon
 20181 | D:15     | Reached skill level 10 in Fighting
 20626 | D:15     | Reached XP level 16. HP: 125/125 MP: 23/23
 20652 | D:15     | Cast into level 2 of the Abyss (a wizard)
 20696 | Abyss:2  | Noticed a tentacled starspawn
 20731 | Abyss:2  | Noticed a tentacled starspawn
 21212 | Abyss:2  | Found a corrupted altar of Lugonu.
 21243 | Abyss:2  | Noticed a dread lich
 21251 | Abyss:2  | Noticed an Executioner
 21702 | Abyss:2  | Noticed a tentacled starspawn
 21711 | Abyss:2  | Killed a tentacled starspawn
 21714 | D:15     | Escaped the Abyss
 22271 | D:15     | Found a staircase to the Depths.
 22926 | Lair:6   | Killed Datul's ghost
 22975 | Lair:6   | Identified the ring "Othuheid" {Drain rN+ rCorr Int+3
                  | Dex+4}
 22979 | Lair:6   | Reached XP level 17. HP: 135/135 MP: 24/24
 23100 | Swamp:1  | Entered Level 1 of the Swamp
 23489 | Swamp:1  | Reached skill level 5 in Evocations
 23489 | Swamp:1  | You fall into a shaft and drop 1 floor!
 23489 | Swamp:2  | Noticed Frances
 23918 | Swamp:2  | Noticed Jorgrun
 23934 | Swamp:2  | Killed Jorgrun
 24006 | Swamp:2  | Killed Frances
 25144 | Swamp:4  | Entered Level 4 of the Swamp
 25613 | Swamp:4  | Reached XP level 18. HP: 51/114 MP: 27/27
 25737 | Swamp:4  | Got a decaying rune of Zot
 25977 | Lair:2   | Acquired the +6 eveningstar of Ywuthar {flame, Will++}
 26088 | Spider:1 | Entered Level 1 of the Spider Nest
 26656 | Spider:1 | Identified the +1 chain mail of Komuecyo {Str+3}
 27491 | Spider:2 | Reached skill level 15 in Maces & Flails
 28254 | Spider:3 | Noticed Donald
 28265 | Spider:3 | Noticed Mlioglotl
 28656 | Spider:3 | Killed Donald
 28758 | Spider:3 | Noticed Arachne
 28796 | Spider:3 | Killed Arachne
 28868 | Spider:4 | Entered Level 4 of the Spider Nest
 29516 | Spider:3 | Killed Mlioglotl
 30095 | Spider:4 | Paralysed by a jorogumo for 3 turns
 30464 | Spider:3 | Acquired the +1 pair of gloves of the Blacksmith {Fly
                  | Str+3}
 30605 | Spider:4 | Identified the -3 helmet of Zin's Generosity {rElec Int+2}
 30614 | Spider:4 | Found a runed translucent gate.
 30614 | Spider:4 | Found a runed translucent gate.
 30614 | Spider:4 | Found a runed translucent gate.
 30621 | Spider:4 | Noticed Charmandara's ghost (adept DsMo)
 30703 | Spider:4 | Reached skill level 15 in Fighting
 31108 | Spider:4 | Reached XP level 19. HP: 155/155 MP: 28/28
 31390 | Spider:4 | Got a gossamer rune of Zot
 31665 | Spider:4 | Killed Charmandara's ghost
 32122 | Vaults:1 | Entered Level 1 of the Vaults
 32184 | Vaults:1 | Found Macwelan's Weapon Shop.
 32688 | Vaults:1 | Found a runed translucent gate.
 32688 | Vaults:1 | Found a runed translucent gate.
 32689 | Vaults:1 | Found a runed translucent gate.
 32690 | Vaults:1 | Noticed Ulub Jau's ghost (adept HOMo)
 32721 | Vaults:1 | You are sucked into a shaft and drop 1 floor!
 33009 | Vaults:2 | Noticed Asterion
 33023 | Vaults:2 | Killed Asterion
 34020 | Vaults:2 | Reached XP level 20. HP: 162/162 MP: 29/29
 34286 | Vaults:1 | Reached skill level 15 in Armour
 36490 | Vaults:3 | Found a staircase to the Crypt.
 37450 | Vaults:4 | Noticed Margery
 37477 | Vaults:4 | Killed Margery
 37982 | Vaults:4 | Reached skill level 15 in Shields
 38051 | Vaults:4 | Reached XP level 21. HP: 168/168 MP: 30/30
 38500 | Elf:1    | Entered Level 1 of the Elven Halls
 38671 | Elf:1    | Paralysed by an air elemental for 1 turns
 38981 | Elf:1    | Paralysed by an air elemental for 1 turns
 39115 | Elf:1    | Found a shimmering blue altar of Sif Muna.
 39545 | Elf:1    | Got the Disquisition on Supportive Damage Dealing
 39991 | Elf:2    | Found a runed translucent gate.
 39992 | Elf:2    | Found a runed translucent gate.
 39992 | Elf:2    | Found a runed translucent gate.
 40012 | Elf:2    | Identified the +0 leather armour of Existentialism {rF+}
 40058 | Elf:2    | Found a runed translucent gate.
 40059 | Elf:2    | Found a runed translucent gate.
 40059 | Elf:2    | Found a runed translucent gate.
 40115 | Elf:2    | Noticed Nikola
 40135 | Elf:2    | Killed Nikola
 40861 | Elf:2    | Cast into level 2 of the Abyss (a deep elf sorcerer)
 41029 | Abyss:2  | HP: 4/129 [balrug (7)]
 41335 | Abyss:2  | Gained mutation: You are resistant to electric shocks.
                  | (rElec) [a neqoxec]
 41409 | Elf:2    | Escaped the Abyss
 41785 | Elf:3    | Entered Level 3 of the Elven Halls
 42262 | Elf:3    | Noticed Aizul
 42288 | Elf:3    | Killed Aizul
 42543 | Elf:3    | Found a bloodstained altar of Trog.
 42644 | Elf:3    | Got the Catalogue of the Glacial Mountains
 42709 | Elf:3    | Reached XP level 22. HP: 174/175 MP: 31/31
 42803 | Elf:3    | Identified the ring "Feavui Wimu" {*Slow rElec rC+ Dex+2}
 42849 | Elf:3    | Identified the amulet "Jyahaeb" {rC+ Regen+}
 43008 | Elf:3    | Paralysed by an air elemental for 1 turns
 43023 | Elf:3    | Identified the +7 scimitar of Qazlal's Displeasure
                  | {protect, rCorr}
 43238 | Elf:3    | Got the Catalogue of Transmigration
 43610 | Elf:2    | Found a runed translucent gate.
 43610 | Elf:2    | Found a runed translucent gate.
 43613 | Elf:2    | Found a runed translucent gate.
 43623 | Elf:2    | Noticed SlowGraham's ghost (veteran FoEE)
 43779 | Orc:2    | Bought a scroll of brand weapon for 240 gold pieces
 44135 | Crypt:1  | Entered Level 1 of the Crypt
 44345 | Crypt:1  | Got the Papyrus of the Maze
 44373 | Crypt:1  | Noticed Sojobo
 44375 | Crypt:1  | Paralysed by an air elemental for 1 turns
 44382 | Crypt:1  | Paralysed by an air elemental for 1 turns
 44385 | Crypt:1  | Paralysed by an air elemental for 1 turns
 44396 | Crypt:1  | Paralysed by an air elemental for 1 turns
 44420 | Crypt:2  | Paralysed by an air elemental for 1 turns
 44426 | Crypt:2  | Paralysed by an air elemental for 1 turns
 44432 | Crypt:2  | Paralysed by an air elemental for 1 turns
 44436 | Crypt:2  | Killed Sojobo
 44437 | Crypt:2  | Reached skill level 10 in Evocations
 45227 | Crypt:2  | Paralysed by a vampire knight for 3 turns
 46180 | Crypt:3  | Entered Level 3 of the Crypt
 46401 | Crypt:3  | Found a basalt altar of Yredelemnul.
 46543 | Crypt:3  | Reached XP level 23. HP: 196/196 MP: 32/32
 46632 | Crypt:3  | Found the +4 dagger "Morg" {pain, Will+ Int+5}
 46641 | Crypt:3  | Identified the +5 hand crossbow "Vyot" {elec, rCorr}
 46672 | Crypt:3  | Identified the ring "Nisurgh" {rN+ Str+3 Int+4}
 46672 | Crypt:3  | Identified the ring of Viaru {rN+ Int+4}
 47366 | Crypt:3  | Reached skill level 15 in Evocations
 47592 | Crypt:3  | Found a staircase to the Tomb.
 47890 | Vaults:5 | Entered Level 5 of the Vaults
 47903 | Vaults:5 | Noticed a dread lich
 48021 | Vaults:4 | Killed a dread lich
 48166 | Vaults:5 | Noticed Mara
 48172 | Vaults:5 | Noticed SnakkuSnakku7's illusion
 48192 | Vaults:5 | Killed Mara
 48415 | Vaults:5 | Got a silver rune of Zot
 48607 | Vaults:5 | Noticed a dread lich
 48619 | Vaults:5 | Paralysed by a dread lich for 5 turns
 48629 | Vaults:5 | Killed a dread lich
 48630 | Vaults:5 | Identified the +12 flail "Dyhoutot" {flame, rF- rCorr Str+7
                  | Dex+2}
 48734 | Vaults:5 | Identified the +4 lajatang of Conscience {spect, Fly rElec
                  | rPois Int-3}
 48770 | Vaults:5 | Reached XP level 24. HP: 124/204 MP: 32/32
 48792 | Vaults:5 | Gained mutation: You are dopey. (Int -2) [mutagenic glow]
 48802 | Vaults:5 | Gained mutation: You tend to lose your temper in combat.
                  | [mutagenic glow]
 48822 | Vaults:5 | Gained mutation: You are weak. (Str -2) [mutagenic glow]
 48950 | Vaults:5 | Identified the +5 quarterstaff of Termination {elec, rElec
                  | rPois Str+6 Dex-5}
 48950 | Vaults:5 | Identified the +9 mace "Quas" {vorpal, Str+3 Int+5}
 49099 | Vaults:5 | Noticed an ancient lich
 49124 | Vaults:5 | Killed an ancient lich
 49279 | Vaults:5 | Identified the +5 scale mail "Voopn" {rPois Str-2 Dex+8}
 49289 | Vaults:5 | Identified the +3 plate armour of the Centipede {*Slow rN+
                  | Int+3 Dex+3}
 49535 | Vaults:5 | Noticed an ancient lich
 49556 | Vaults:5 | Killed an ancient lich
 49822 | Vaults:5 | Found the +3 hat of Pondering {ponderous, Will+ MP+10
                  | Int+5}
 50282 | Vaults:1 | Paralysed by a Zot trap for 3 turns
 50285 | Vaults:1 | Gained mutation: You often lose your temper in combat.
                  | [mutagenic glow]
 50355 | Vaults:1 | Killed Ulub Jau's ghost
 50387 | Vaults:1 | Identified the +1 pair of gloves "Nassuceb" {Str+2}
 50450 | D:13     | Lost mutation: You are weak. (Str -2) [potion of mutation]
 50450 | D:13     | Lost mutation: You often lose your temper in combat.
                  | [potion of mutation]
 50450 | D:13     | Lost mutation: You tend to lose your temper in combat.
                  | [potion of mutation]
 50450 | D:13     | Gained mutation: You sometimes lose the ability to read
                  | scrolls when taking damage. [potion of mutation]
 50450 | D:13     | Gained mutation: You passively dampen the noise of your
                  | surroundings. [potion of mutation]
 50450 | D:13     | Gained mutation: You are somewhat resistant to further
                  | mutation. [potion of mutation]
 50451 | D:13     | Lost mutation: You are resistant to electric shocks.
                  | (rElec) [potion of mutation]
 50451 | D:13     | Lost mutation: You are dopey. (Int -2) [potion of mutation]
 50451 | D:13     | Lost mutation: You are somewhat resistant to further
                  | mutation. [potion of mutation]
 50451 | D:13     | Gained mutation: Your muscles are strong. (Str +2) [potion
                  | of mutation]
 50451 | D:13     | Gained mutation: You are agile. (Dex +2) [potion of
                  | mutation]
 50452 | D:13     | Lost mutation: You sometimes lose the ability to read
                  | scrolls when taking damage. [potion of mutation]
 50452 | D:13     | Lost mutation: You passively dampen the noise of your
                  | surroundings. [potion of mutation]
 50452 | D:13     | Lost mutation: You are agile. (Dex +2) [potion of mutation]
 50452 | D:13     | Gained mutation: You have large cloven feet. [potion of
                  | mutation]
 50452 | D:13     | Gained mutation: You have hoof-like feet. [potion of
                  | mutation]
 50592 | Depths:1 | Entered Level 1 of the Depths
 50856 | Depths:1 | Found a magical portal.
 50919 | WizLab   | Entered The Chambers of the Cloud Mage
 50946 | WizLab   | Paralysed by an air elemental for 1 turns
 50950 | WizLab   | Paralysed by an air elemental for 1 turns
 50956 | WizLab   | Paralysed by an air elemental for 1 turns
 50965 | WizLab   | Paralysed by an air elemental for 1 turns
 51051 | WizLab   | Paralysed by an air elemental for 1 turns
 51063 | WizLab   | Paralysed by an air elemental for 1 turns
 51065 | WizLab   | Paralysed by an air elemental for 1 turns
 51157 | WizLab   | Paralysed by an air elemental for 1 turns
 51163 | WizLab   | Paralysed by an air elemental for 1 turns
 51167 | WizLab   | Paralysed by an air elemental for 1 turns
 51171 | WizLab   | Paralysed by an air elemental for 1 turns
 51421 | WizLab   | Paralysed by an air elemental for 1 turns
 51431 | WizLab   | Paralysed by an air elemental for 1 turns
 51442 | WizLab   | Paralysed by an air elemental for 1 turns
 51550 | WizLab   | Found the +13 scythe of Curses {drain, Drain}
 51560 | WizLab   | Identified the +0 chain mail of the Armoured One {rF+
                  | Str+4}
 51706 | Depths:1 | Found a gateway to Hell.
 51816 | Depths:1 | Found a stormy altar of Qazlal.
 52187 | Depths:2 | Found a one-way gateway to a ziggurat.
 52843 | Depths:2 | Found a one-way gate leading to the halls of Pandemonium.
 53143 | Depths:3 | Found a one-way gate to the infinite horrors of the Abyss.
 53431 | Depths:3 | Reached XP level 25. HP: 212/212 MP: 32/32
 53499 | Depths:3 | Paralysed by a sphinx for 5 turns
 53534 | Depths:3 | Paralysed by a floating eye for 3 turns
 53541 | Depths:3 | Paralysed by a floating eye for 4 turns
 53756 | Depths:3 | Noticed a juggernaut
 53787 | Depths:3 | Killed a juggernaut
 53910 | Depths:3 | Noticed a juggernaut
 53938 | Depths:3 | Killed a juggernaut
 53969 | Depths:3 | Identified the amulet "Cifody" {Reflect Int+4 SH+5}
 54051 | Depths:3 | Noticed a juggernaut
 54063 | Depths:3 | Killed a juggernaut
 54638 | Depths:4 | Entered Level 4 of the Depths
 54797 | Depths:4 | Noticed a juggernaut
 54817 | Depths:4 | Killed a juggernaut
 54818 | Depths:4 | Reached skill level 15 in Invocations
 54988 | Depths:4 | HP: 2/194 [purple draconian/bolt of dispelling energy (35)]
 55423 | Depths:4 | Found a gate to the Realm of Zot.
 55567 | Depths:4 | Noticed Frederick
 55585 | Depths:4 | Killed Frederick
 55837 | Zot:1    | Entered Level 1 of the Realm of Zot
 56009 | Zot:1    | Noticed an orb of fire
 56018 | Zot:1    | Gained mutation: Your body sometimes deteriorates upon
                  | taking damage. [an orb of fire]
 56025 | Zot:1    | Noticed an orb of fire
 56046 | Zot:2    | Slain by a golden dragon

Illustrated notes

Levels and vault maps discovered:
D:1:      dpeg_arrival_concentric_ovals, layout_loops_corners,
          dreamdust_ecumenical_altar_drowned_temple
D:2:      layout_basic, minmay_tetromino_s2
D:3:      layout_basic, serial_shops, shop
D:4:      minmay_spotlight, layout_basic,
          mainiacjoe_overflow_concentric_impassable, lightli_sewer_entry_pipes,
          uniq_grinder
D:5:      layout_rooms, slow_altar_1, mainiacjoe_overflow_alcove_4
D:6:      nicolae_BIG_FREAKIN_CUBE, layout_loops_cross, serial_shops,
          nicolae_shop_crystal, kennysheep_mini, shop_coins,
          nicolae_square_shop, kennysheep_little_box, minmay_manual_monstrance
D:7:      layout_basic, minmay_temple_entry_sparse_star, serial_shops,
          nicolae_shop_trees
D:8:      layout_loops_cross, lair_entry_dummy, enter_bailey_1, serial_shops,
          nicolae_diamond_shop, uniq_maurice
D:9:      layout_roguey, okawaru_ov_weapons_minmay, kennysheep_potato,
          uniq_prince_ribbit1, uniq_pikel
D:10:     layout_rooms, mainiacjoe_overflow_big_doors, david_orc_1_choice,
          nicolae_trove_entry_free_sample, minivault_15, uniq_gastronok
D:11:     layout_stronghold, serial_shops, shop
D:12:     layout_basic, hangedman_fish_farm, uniq_nessos
D:13:     layout_stronghold, grunt_vaults_entry_tiered,
          nzn_hepliaklqana_mist_gate
D:14:     layout_cave_pools, chequers_jeans
D:15:     gammafunk_enter_depths_forms, layout_basic, serial_undead,
          serial_undead_d, serial_undead_f, serial_undead_a, serial_undead_f,
          serial_undead_e, serial_undead_a, serial_undead_a,
          palyth_stone_intersect, grunt_decor_arrowhead, lightli_wizard_tower
Lair:1:   layout_regular_city, beast_lair_carwin_9, serial_bayou_shore_b
Lair:2:   layout_roguey, minmay_swamp_entry_wisps, serial_bayou_pond_b,
          grunt_megastairs_5
Lair:3:   layout_concentric_octagons, serial_rivers,
          chequers_serial_rivers_micro_c, chequers_serial_rivers_room_a,
          chequers_serial_rivers_large_a, chequers_serial_rivers_marsh,
          chequers_serial_rivers_marsh, chequers_serial_rivers_small_a,
          beast_lair_carwin_10, infiniplex_staircase_pool_2, uniq_rupert
Lair:4:   layout_loops_ring, dummy_spider_entry, gauntlet_entry_generic,
          eino_house_with_fridge, serial_bayou_shore_b
Lair:5:   hellmonk_destroyed_diamonds, layout_cave_shapes
Lair:6:   guppyfry_lair_end_dragon, layout_cave_shapes,
          nicolae_slime_entry_slimehenge, gammafunk_ghost_berserking_beasts,
          portal_ice_cave_entry_ice_simulacra, minmay_lair_oklob_items,
          lemuel_oklob_altar, uniq_kirke, uniq_snorg
Swamp:1:  layout_falls_marsh, evilmike_swamp_ruin_house_1, swamp_pool1,
          st_swamp_ruins_3, infiniplex_staircase_pool
Swamp:2:  layout_falls_marsh, evilmike_swamp_ruin_wall, swamp_pool1,
          uniq_jorgrun, uniq_frances
Swamp:3:  layout_basic_swamp, nicolae_swamp_treefoil
Swamp:4:  swamp, layout_basic_swamp
Spider:1: layout_spider_delve
Spider:2: layout_chambers
Spider:3: layout_spider_delve, uniq_donald, uniq_arachne, uniq_mlioglotl
Spider:4: grunt_spider_rune_parallel, gammafunk_ghost_necromancy,
          nicolae_spider_twisty_arc_passages
Orc:1:    layout_caves
Orc:2:    kennysheep_orc_mage_school, layout_caves, serial_shops,
          nicolae_shop_stone
Elf:1:    eino_elf_arrival_sip, layout_rooms, special_room
          [special_room_mythical_zoo], basic_altar, minmay_elf_sorcery
Elf:2:    nicolae_elf_blades_crystal_corner, layout_loops_corners,
          ploomutoo_gammafunk_ghost_potion_laboratory, uniq_nikola
Elf:3:    minmay_elf_hall_spiked, layout_geoelf_octagon, minivault_11,
          evilmike_spriggan_trog_shrine, uniq_aizul
Vaults:1: gammafunk_ghost_tricky_traps, v_alt_pattern_3,
          nicolae_vaults_mini_display_case, v_rooms_4,
          nicolae_vaults_ninety_degrees, ontoclasm_vaults_ring_square,
          layout_vaults_chaotic_city, serial_shops, nicolae_shop_crystal
Vaults:2: v_rooms_2, nicolae_vaults_holding_cells, nicolae_vaults_alarming,
          nicolae_vaults_border_crossing, v_misc_18, v_misc_28,
          nicolae_vaults_network_quincunx
          [nicolae_vaults_network_quincunx_subvault,
          nicolae_vaults_network_quincunx_subvault,
          nicolae_vaults_network_quincunx_subvault,
          nicolae_vaults_network_quincunx_subvault,
          nicolae_vaults_network_quincunx_subvault], grunt_vaults_diagonal,
          ontoclasm_vaults_ring_small, vaults_dpeg_spiral, grunt_vaults_focal,
          layout_vaults_maze, uniq_asterion
Vaults:3: minmay_crypt_entry_simple_statues, nicolae_vaults_network_square,
          grunt_vaults_hallway_short, nicolae_vaults_big_angled_halls,
          nicolae_vaults_little_squares_4, ontoclasm_vaults_idyll,
          vaults_dpeg_cross, vaults_mumra_minichess_inversion,
          vaults_room_stairs_pillars, ontoclasm_vaults_eye,
          layout_vaults_omnigrid
Vaults:4: vaults_room_fours, vaults_room_grid, ontoclasm_vaults_spin,
          ontoclasm_vaults_gateway, ontoclasm_vaults_pinch, v_pattern_1,
          ontoclasm_vaults_gallery, hangedman_vaults_cutoff,
          vaults_room_fancy_cross, vaults_mumra_hexcomb,
          hangedman_vaults_stitches, ontoclasm_vaults_idyll,
          ontoclasm_vaults_ring_small, layout_vaults_big_cross, uniq_margery
Vaults:5: uniq_mara
Crypt:1:  layout_gridlike, nicolae_crypt_little_mausoleum, uniq_sojobo
Crypt:2:  layout_chaotic_city, nicolae_crypt_twisting_catacombs, minivault_27
Crypt:3:  church_of_pain_bobbens, layout_chaotic_city, tomb_entry_simple_bobbens
Depths:1: layout_gridville, grunt_mini_vestibule, serial_glass, glass_columns_a,
          glass_columns_a, mu_enter_wizlab_2, grunt_qazlal_clouds
Depths:2: evilmike_pillar_path, layout_gridlike, enter_ziggurat_c,
          pf_dread_powers_of_hell, pan_entry, dk_noncrumbling_3,
          minmay_fractal_squares_diagonal_5, infiniplex_staircase_pillars_1
Depths:3: lemuel_castle_with_subvaults [lemuel_castle_interior_carwin_1],
          layout_gridville, hell_entry, abyss_entry, grunt_pan_entry_zigzag,
          minmay_hedge_maze
Depths:4: grunt_zot_entry_alcove, layout_cave_pools, grunt_hell_entry_dis_mu,
          uniq_frederick
Zot:1:    layout_onion, zot_minivault_1, grunt_megastairs_2
Zot:2:    layout_cellular_growth

Skill      XL: |  1  2  3  4  5  6  7  8  9 10 11 12 13 14 15 16 17 18 19 20 21 22 23 24 25 |
---------------+----------------------------------------------------------------------------+-----
Unarmed Combat | 2 |  2.7
Fighting       | 2 3 5 7 11 12 13 15 19 20 | 20.7
Evocations     | 1 3 8 13 15 | 15.0
Maces & Flails | 2 5 8 10 13 14 16 | 16.0
Armour         | 6 10 14 15 17 20 | 20.3
Shields        | 5 10 15 | 15.0
Invocations    | 2 10 12 16 | 16.5
Dodging        | 6 10 | 10.0
Stealth        | |  3.0
Spellcasting   | |  2.0
Conjurations   | |  0.6
Fire Magic     | |  2.4

Action                   |  1- 3 |  4- 6 |  7- 9 | 10-12 | 13-15 | 16-18 | 19-21 | 22-24 | 25-27 || total
-------------------------+-------+-------+-------+-------+-------+-------+-------+-------+-------++-------
Melee: Unarmed           |    91 |       |       |       |     2 |       |       |     3 |       ||    96
       Bite              |    12 |    16 |    29 |   116 |   363 |   375 |   651 |   541 |   173 ||  2276
       Short sword       |    26 |   124 |       |       |       |       |       |       |       ||   150
       Punch             |     1 |     3 |     6 |     1 |       |       |       |       |       ||    11
       Flail             |       |    15 |   203 |   640 |   954 |       |       |       |       ||  1812
       Demon whip        |       |       |       |       |  1163 |  2199 |  2589 |   253 |       ||  6204
       Eveningstar       |       |       |       |       |       |       |   405 |  2307 |   762 ||  3474
       Kick              |       |       |       |       |       |       |       |   131 |       ||   131
 Cast: Foxfire           |    10 |     6 |       |       |       |       |       |       |       ||    16
Invok: Greater Servant o |       |       |       |       |       |       |     1 |       |     1 ||     2
 Abil: Exsanguinate      |       |       |       |       |       |     1 |       |       |       ||     1
       Bat Form          |       |       |       |       |       |     1 |       |       |       ||     1
       Revivify          |       |       |       |       |       |     1 |       |       |       ||     1
Evoke: Wand              |       |       |    12 |    11 |     8 |     6 |    16 |    13 |       ||    66
       Lightning rod     |       |       |       |       |     5 |    12 |       |    17 |     4 ||    38
       Box of beasts     |       |       |       |       |     1 |       |     1 |       |       ||     2
       Condenser vane    |       |       |       |       |       |     5 |     8 |    10 |     2 ||    25
       Phial of floods   |       |       |       |       |       |     2 |     3 |     2 |       ||     7
       Tin of tremorston |       |       |       |       |       |       |       |    10 |       ||    10
       Phantom mirror    |       |       |       |       |       |       |       |     1 |       ||     1
  Use: Potion            |       |     1 |       |       |     7 |    17 |    18 |    16 |     2 ||    61
       Scroll            |       |       |     8 |    19 |    20 |    21 |    13 |    14 |     5 ||   100
 Stab: Sleeping          |     7 |     4 |     3 |       |       |       |       |       |       ||    14
       Paralysed         |       |       |       |     5 |       |       |       |     3 |       ||     8
       Distracted        |       |       |       |       |     1 |       |       |       |     1 ||     2
       Confused          |       |       |       |       |     2 |     5 |     5 |       |       ||    12
       Invisible         |       |       |       |       |       |     2 |       |       |       ||     2
       Petrified         |       |       |       |       |       |       |     2 |       |       ||     2
Armor: Robe              |    20 |    15 |       |       |       |       |       |       |       ||    35
       Leather armour    |       |     2 |    24 |       |       |       |       |       |       ||    26
       Chain mail        |       |       |    50 |     2 |       |       |       |       |       ||    52
       Crystal plate arm |       |       |       |   595 |  1387 |  1766 |  1308 |  1673 |   524 ||  7253
       Skin              |       |       |       |       |     8 |       |       |       |       ||     8
Dodge: Dodged            |    69 |   169 |   140 |    44 |   218 |   448 |   601 |   760 |   287 ||  2736
Block: Kite shield       |       |       |       |   318 |  1370 |  1598 |  1675 |  1818 |   557 ||  7336
